 Dungeon Crawl Stone Soup version 0.31-a0-876-gfe8ebadbca (webtiles) character file.

Game seed: 12389955246064384371

238 Ahpoh the Slasher (level 5, -1/39 HPs)
             Began as a Demonspawn Gladiator on Oct 13, 2023.
             Slain by an orc priest
             ... wielding a +0 flail
              (3 damage)
             ... on level 4 of the Dungeon.
             The game lasted 00:11:47 (2855 turns).

Ahpoh the Slasher (Demonspawn Gladiator)            Turns: 2855, Time: 00:11:48

Health: -1/39      AC:  9    Str: 14    XL:     5   Next: 78%
Magic:  5/5        EV:  8    Int: 10    God:
Gold:   157        SH:  0    Dex: 16    Spells: 4/4 levels left

rFire   . . .        a - +0 long sword
rCold   . . .        (no shield)
rNeg    . . .        j - +0 chain mail
rPois   .            c - +0 helmet
rElec   .            (no cloak)
rCorr   .            k - +0 pair of gloves
SInv    .            (no boots)
Will    .....        (no amulet) Stlth
                     l - ring of flight
HPRegen 0.26/turn    (no ring)
MPRegen 0.09/turn

%: no passive effects
@: corroded, flying
A: molten scales 2, ignite blood 1
a: no special abilities


You were on level 4 of the Dungeon.
You visited 1 branch of the dungeon, and saw 4 of its levels.

You collected 157 gold pieces.

Inventory:

Hand Weapons
 a - a +0 long sword (weapon)
Missiles
 d - 4 throwing nets (quivered)
 e - a javelin
 h - 3 poisoned darts
Armour
 c - a +0 helmet (worn)
 j - a +0 chain mail (worn)
 k - a +0 pair of gloves (worn)
Jewellery
 l - a ring of flight (left hand)
Scrolls
 f - a scroll of revelation
 g - a scroll of teleportation {unknown}
 o - a scroll of identify {unknown}
 p - a scroll of blinking {unknown}
Potions
 b - a potion of mutation {unknown}
 m - a potion of curing {unknown}
 n - a potion of cancellation {unknown}
 q - a potion of lignification {unknown}


   Skills:
 + Level 2.7 Fighting
 + Level 4.6 Long Blades
 + Level 1.8 Throwing
 + Level 2.0 Armour
 + Level 3.4 Dodging
 + Level 0.3 Stealth


You had 4 spell levels left.
You didn't know any spells.
Your spell library contained the following spells:

 Spells                   Type           Power      Damage    Failure   Level
 Sting                    Tmut/Pois      0%         1d3       100%        1
 Blink                    Tloc           0%         N/A       100%        2
 Lesser Beckoning         Tloc           0%         N/A       100%        2
 Momentum Strike          Conj/Tloc      0%         3d8       100%        2
 Poisonous Vapours        Pois/Air       0%         N/A       100%        2
 Olgreb's Toxic Radiance  Pois           0%         N/A       100%        4


Dungeon Overview and Level Annotations

Branches:
Dungeon (4/15)
 Temple: D:4-7

Altars:
Uskayaw

Shops:
D:1 (   D:2 !


Innate Abilities, Weirdness & Mutations

You are mostly covered in molten scales. (AC +3)
Your demonic aura sometimes causes spilled blood to erupt in flames.


Message History

The orc priest is moderately wounded.
The orc priest completely misses you. The jelly hits you but does no damage.
The jelly attacks as it pursues you! The jelly hits you but does no damage.
There is a stone staircase leading up, spattered with blood here.
The orc priest attacks as it pursues you!
The orc priest completely misses you.
You hit the jelly. The acid corrodes you!
Your hands burn!
The jelly is moderately wounded.
The jelly hits you.
You are splashed with acid!
The jelly hits you but does no damage.
You hit the jelly but do no damage.
Your hands burn!
The jelly is moderately wounded.
The jelly hits you but does no damage.
You hit the jelly.
Your hands burn!
The jelly is heavily wounded.
The jelly barely misses you.
You hit the jelly but do no damage.
Your hands burn!
The jelly is heavily wounded.
The jelly hits you but does no damage.
You slash the jelly!
You kill the jelly!
Your Armour skill increases to level 2!
You barely miss the orc priest.
The orc priest is moderately wounded.
The orc priest hits you with a +0 flail.
You hit the orc priest but do no damage.
The orc priest is moderately wounded.
The orc priest hits you with a +0 flail.
* * * LOW HITPOINT WARNING * * *
You barely miss the orc priest.
The orc priest is moderately wounded.
The orc priest closely misses you.
You hit the orc priest.
The orc priest is heavily wounded.
The orc priest hits you with a +0 flail!
* * * LOW HITPOINT WARNING * * *
You hit the orc priest.
The orc priest is heavily wounded.
The orc priest hits you with a +0 flail.
You die...

.# #. # #.
#. .. .###.
... #.#
.### #@#
.....##o#
.......<#
##......#
..##.....#
#...##....#
....
.#....# .##
...#...#
.... ....


You could see an orc priest.

Vanquished Creatures
  A hound (D:3)
  A jelly (D:4)
  2 orc priests (D:3)
  Robin (D:2)
  2 adders
  A worm (D:2)
  5 orcs (D:3)
  7 bats
  6 endoplasms
  3 giant cockroaches
  13 goblins
  7 hobgoblins
  6 jackals (D:1)
  3 quokkas
  9 ball pythons
  2 frilled lizards
  5 kobolds
  7 rats
81 creatures vanquished.

Notes
Turn   | Place    | Note
-------+----------+-------------------------------------------
     0 | D:1      | Ahpoh the Demonspawn Gladiator began the quest for the Orb.
     0 | D:1      | Reached XP level 1. HP: 16/16 MP: 1/1
    59 | D:1      | Found Besipsuz's Antique Weapon Shoppe.
    95 | D:1      | Reached skill level 3 in Long Blades
    95 | D:1      | Gained mutation: You are partially covered in molten
                  | scales. (AC +2) [demonic ancestry]
    95 | D:1      | Reached XP level 2. HP: 19/22 MP: 2/2
   842 | D:2      | Reached XP level 3. HP: 26/27 MP: 3/3
   981 | D:2      | Found a faded altar of an unknown god.
  1161 | D:2      | Noticed Robin
  1342 | D:2      | Killed Robin
  1343 | D:2      | Gained mutation: Your demonic aura sometimes causes spilled
                  | blood to erupt in flames. [demonic ancestry]
  1343 | D:2      | Reached XP level 4. HP: 29/33 MP: 4/4
  1412 | D:2      | Reached skill level 1 in Armour
  1541 | D:2      | Found Ilisevuc's Distillery.
  1948 | D:3      | Reached skill level 4 in Long Blades
  2206 | D:3      | Gained mutation: You are mostly covered in molten scales.
                  | (AC +3) [demonic ancestry]
  2206 | D:3      | Reached XP level 5. HP: 39/39 MP: 5/5
  2369 | D:3      | Found a hide-covered altar of Uskayaw.
  2854 | D:4      | HP: 1/39 [orc priest/+0 flail (7)]
  2855 | D:4      | Slain by an orc priest

Illustrated notes

Levels and vault maps discovered:
D:1:      dpeg_arrival_pits, layout_basic, serial_shops, shop
D:2:      layout_basic, serial_shops, nicolae_shop_tiny_real_fake_doors,
          dreamdust_ecumenical_altar_hidden_monk_grotto, uniq_robin
D:3:      layout_loops_corners, gammafunk_temple_overflow_elements,
          minmay_shallow_snake_nest
D:4:      layout_loops_ring, lemuel_mausoleum_altar_yredelemnul,
          minmay_stone_trees_small, hangedman_decor_peaks_small, fountainhead,
          palyth_stone_intersect, nicolae_custom_books, uniq_grinder

Skill      XL: |  1  2  3  4  5 |
---------------+----------------+-----
Long Blades    | 3 4 |  4.6
Dodging        | 3 |  3.4
Armour         | 1 2 |  2.0
Fighting       | |  2.7
Throwing       | |  1.8
Stealth        | |  0.3

Action                     |  1- 3 |  4- 6 || total
---------------------------+-------+-------++-------
  Melee: Long sword        |   160 |   121 ||   281
         Punch             |     1 |     1 ||     2
    Use: Potion            |     4 |     2 ||     6
         Scroll            |     2 |     1 ||     3
 Armour: Leather armour    |    30 |       ||    30
         Ring mail         |   114 |    84 ||   198
         Chain mail        |       |    11 ||    11
  Dodge: Dodged            |   155 |   128 ||   283

Table legend: (Time is in decaauts)
 A = Elapsed time spent in this place.
 B = Non-inter-level travel time spent in this place.
 C = Inter-level travel time spent in this place.
 D = Time resting spent in this place.
 E = Time spent auto-exploring this place.
 F = Levels seen in this place.
 G = Mean time per level.
                   A        B        C        D        E       F      G
               +--------+--------+--------+--------+--------+-----+--------+
         Total |   2902 |   2838 |     64 |     36 |   1691 |   4 |  725.5 |
       Dungeon |   2902 |   2838 |     64 |     36 |   1691 |   4 |  725.5 |
               +--------+--------+--------+--------+--------+-----+--------+

Top non-repeatable levels by time:
     D:3: 1236 daAuts
     D:1: 828 daAuts
     D:2: 809 daAuts
     D:4: 27 daAuts
